 Dungeon Crawl Stone Soup version 0.30-a0-1163-gf69bf04e7a (webtiles) character file.

Game seed: 13219050980099599712

356 ytrimaz the Slasher (level 6, 0/44 HPs)
             Began as a Demonspawn Gladiator on Apr 28, 2023.
             Slain by a cerulean imp
             ... wielding a +2 spear
             ... summoned by Natasha
              (1 damage)
             ... on level 4 of the Dungeon.
             The game lasted 00:03:00 (3286 turns).

ytrimaz the Slasher (Demonspawn Gladiator)          Turns: 3286, Time: 00:03:00

Health: 0/44       AC:  5    Str: 15    XL:     6   Next: 36%
Magic:  6/6        EV: 14    Int:  9    God:
Gold:   219        SH:  0    Dex: 16    Spells: 5/5 levels left

rFire   + . .        f - +2 great sword "Miqasyixt" {heavy, +Blink}
rCold   . . .        (shield currently unavailable)
rNeg    . . .        b - +0 leather armour
rPois   .            c - +1 helmet
rElec   +            (no cloak)
rCorr   .            (no gloves)
SInv    .            (no boots)
Will    .....        (no amulet)
Stlth   +            (no ring)
HPRegen 0.27/turn    (no ring)
MPRegen 0.10/turn

%: no passive effects
@: attractive, studying Dodging
A: ignite blood 2, fire resistance 1, electricity resistance
a: Evoke Blink


You were on level 4 of the Dungeon.
You visited 1 branch of the dungeon, and saw 4 of its levels.

You collected 219 gold pieces.


Innate Abilities, Weirdness & Mutations

Your demonic aura often causes spilled blood to erupt in flames.
Your flesh is heat resistant. (rF+)
You are resistant to electric shocks. (rElec)


   Skills:
 - Level 2.0 Fighting
 + Level 5.0 Long Blades
 - Level 1.7 Throwing
 + Level 5.0 Dodging


You had 5 spell levels left.
You didn't know any spells.
Your spell library was empty.

Inventory:

Hand Weapons
 a - a +0 long sword
 f - the +2 great sword "Miqasyixt" (weapon) {heavy, +Blink}
   (You acquired it on level 2 of the Dungeon)

   +Blink:    It lets you blink.
Missiles
 d - 3 throwing nets (quivered)
 e - 5 javelins
Armour
 b - a +0 leather armour (worn)
 c - a +1 helmet (worn)
Jewellery
 g - a +6 ring of intelligence
   (You found it on level 1 of the Dungeon)
Wands
 o - a wand of polymorph (22)
   (You found it on level 3 of the Dungeon)
Scrolls
 h - 2 scrolls of amnesia {unknown}
 i - 2 scrolls of teleportation
 k - a scroll of fear {unknown}
 l - a scroll of torment {unknown}
 n - a scroll of enchant weapon {unknown}
 r - a scroll of butterflies {unknown}
 s - a scroll of poison {unknown}
 u - a scroll of magic mapping {unknown}
Potions
 j - 2 potions of might
 m - a potion of attraction
 q - a potion of invisibility {unknown}
 t - a potion of curing {unknown}

Dungeon Overview and Level Annotations

Branches:
Dungeon (4/15) Zot: 20540
 Temple: D:4-7

Altars:
Ru

Annotations:
D:4 Natasha

..>.##
#.##............####.#
.............###.....##.#
##.#### .##........#.#
#.....##.# #.>....
##########...###.#.####.#
#..#### ##........# #.#
#..# ######.### #.# #..#
#5# #.# #..# # #h# #.#
#..#### ########
#@######.# #......
.......# #.....(..#
#.##### ...###.#
#.######## #.##### ##.#
#.## ##.## #......
#.###..# #...# #######
##......# #...# #######
....##..# #...# #......
##..##..# #..## #.#####
.)..##..# #..# #.#


You could see Natasha and a cerulean imp (summoned).


Message History

You now have 211 gold pieces (gained 18).
Things that are here:
a +0 club; a goblin corpse No target in view!
Unknown command.
Found an escape hatch in the ceiling.
Natasha, Servant of Life and Death comes into view.
Natasha mumbles some strange words.
You feel disoriented.
Natasha howls an incantation.
You feel troubled. Natasha claws you. 😕 HP[-4]
You take 4 damage, and now have 40/44 hp.
You hit Natasha. Natasha claws you! Natasha barely misses you. 😮 HP[-7]
You take 7 damage, and now have 33/44 hp.
You slice Natasha!!
You kill Natasha!
Natasha screams in pain as she dies!
Your Long Blades skill increases to level 5!
Your Dodging skill increases to level 5!
You are too injured to fight recklessly! 😕 HP[+1] Unknown command.
Key pressed, stopping explore.
You pick up a manual of Dodging and begin studying. 😎 HP[+10]
Your hp is fully restored (44).
You now have 219 gold pieces (gained 8).
Natasha, Servant of Life and Death comes into view.
Natasha hisses angrily.
Natasha stares at you and mumbles some strange words.
You resist with some effort. Natasha claws you. 😕 HP[-3]
You take 3 damage, and now have 41/44 hp.
You closely miss Natasha. Natasha claws you but does no damage.
Natasha casts a spell.
You barely miss Natasha. Natasha claws you. x2
The cerulean imp hits you but does no damage. 😮 HP[-8]
You take 8 damage, and now have 33/44 hp.
Unknown command.
You are too injured to fight recklessly!
You hit Natasha. The cerulean imp barely misses you. Natasha barely misses you.
The cerulean imp hits you from afar with a +2 spear.
Natasha casts a spell at you. The magic dart hits you!
* * * LOW HITPOINT WARNING * * *
😨 HP[-11]
You take 11 damage, and now have 22/44 hp.
MASSIVE DAMAGE!! (PAUSE)
You closely miss Natasha.
The cerulean imp hits you from afar with a +2 spear.
* * * LOW HITPOINT WARNING * * *
Natasha claws you.
* * * LOW HITPOINT WARNING * * *
The cerulean imp hits you from afar with a +2 spear.
* * * LOW HITPOINT WARNING * * *
Natasha claws you but does no damage.
The cerulean imp hits you but does no damage.
Natasha claws you.
* * * LOW HITPOINT WARNING * * *
😱 HP[-14]
You take 14 damage, and now have 8/44 hp.
MASSIVE DAMAGE!! (PAUSE)
You closely miss Natasha.
The cerulean imp hits you from afar with a +2 spear.
* * * LOW HITPOINT WARNING * * *
Natasha misses you.
The cerulean imp hits you from afar with a +2 spear.
* * * LOW HITPOINT WARNING * * *
Natasha claws you.
* * * LOW HITPOINT WARNING * * *
😱 HP[-5]
You take 5 damage, and now have 3/44 hp.
Unknown command.
You closely miss Natasha. The cerulean imp closely misses you.
Natasha closely misses you.
The cerulean imp hits you from afar with a +2 spear.
* * * LOW HITPOINT WARNING * * *
Natasha closely misses you. 😱 HP[-1]
You take 1 damage, and now have 2/44 hp.
Unknown command.
It was a potion of attraction.
You feel attractive to monsters.
The cerulean imp hits you from afar with a +2 spear.
* * * LOW HITPOINT WARNING * * *
Natasha completely misses you. 😱 HP[-1]
You take 1 damage, and now have 1/44 hp.
It was a potion of mutation.
You feel extremely strange.
You feel resistant to heat.
You feel your magical essence link to the dungeon's wands.
Your magical essence no longer links to wands of the dungeon.
You feel insulated.
The cerulean imp hits you from afar with a +2 spear.
You die...

Skill      XL: |  1  2  3  4  5  6 |
---------------+-------------------+-----
Long Blades    | 3 4 5 |  5.0
Dodging        | 3 4 5 |  5.0
Fighting       | |  2.0
Throwing       | |  1.7

Action                     |  1- 3 |  4- 6 || total
---------------------------+-------+-------++-------
  Melee: Long sword        |   112 |     8 ||   120
         Punch             |     1 |       ||     1
         Great sword       |       |   100 ||   100
    Use: Scroll            |     1 |     4 ||     5
         Potion            |       |     2 ||     2
   Stab: Sleeping          |     2 |     1 ||     3
 Armour: Leather armour    |    35 |    54 ||    89
  Dodge: Dodged            |   114 |   140 ||   254

Levels and vault maps discovered:
D:1:      dpeg_arrival_fog, layout_basic,
          dreamdust_ecumenical_altar_drowned_temple, hex_medium
D:2:      minmay_roachtagon, layout_loops_ring, basic_altar,
          guppyfry_early_orc_mine
D:3:      layout_loops_ring, serial_bayou_pond_b
D:4:      layout_loops_ring, hangedman_abyss_or_decor_lesser_grid,
          minmay_manual_monolith, uniq_natasha

Notes
Turn   | Place    | Note
-------+----------+-------------------------------------------
     0 | D:1      | ytrimaz the Demonspawn Gladiator began the quest for the
                  | Orb.
     0 | D:1      | Reached XP level 1. HP: 16/16 MP: 1/1
     0 | D:1      | magus.rc [v1.9.6]
    81 | D:1      | Found a faded altar of an unknown god.
   158 | D:1      | Reached skill level 3 in Long Blades
   158 | D:1      | Reached skill level 3 in Dodging
   158 | D:1      | Gained mutation: Your demonic aura sometimes causes spilled
                  | blood to erupt in flames. [demonic ancestry]
   158 | D:1      | Reached XP level 2. HP: 18/22 MP: 2/2
   574 | D:2      | Reached XP level 3. HP: 24/27 MP: 3/3
  1116 | D:2      | Gained mutation: Your demonic aura often causes spilled
                  | blood to erupt in flames. [demonic ancestry]
  1116 | D:2      | Reached XP level 4. HP: 33/33 MP: 4/4
  1160 | D:2      | Found a sacrificial altar of Ru.
  1372 | D:2      | Identified a scroll of acquirement
  1374 | D:2      | Acquired the +2 great sword "Miqasyixt" {heavy, +Blink}
  1823 | D:3      | Reached skill level 4 in Long Blades
  1823 | D:3      | Reached skill level 4 in Dodging
  1829 | D:3      | HP: 8/33 [orc/+0 hand axe (3)]
  2166 | D:3      | Reached XP level 5. HP: 38/38 MP: 5/5
  2502 | D:4      | HP: 8/38 [iguana (9)]
  2632 | D:4      | Noticed Natasha
  2636 | D:4      | Killed Natasha
  2698 | D:4      | Reached XP level 6. HP: 36/44 MP: 6/6
  3177 | D:4      | Noticed Natasha
  3180 | D:4      | Killed Natasha
  3181 | D:4      | Reached skill level 5 in Long Blades
  3181 | D:4      | Reached skill level 5 in Dodging
  3275 | D:4      | Noticed Natasha
  3282 | D:4      | HP: 11/44 [cerulean imp/+2 spear[Natasha] (2)]
  3283 | D:4      | HP: 3/44 [Natasha (4)]
  3285 | D:4      | HP: 1/44 [cerulean imp/+2 spear[Natasha] (2)]
  3286 | D:4      | Gained mutation: Your flesh is heat resistant. (rF+)
                  | [potion of mutation]
  3286 | D:4      | Gained mutation: You expend magic power (3 MP) to
                  | strengthen your wands. [potion of mutation]
  3286 | D:4      | Lost mutation: You expend magic power (3 MP) to strengthen
                  | your wands. [potion of mutation]
  3286 | D:4      | Gained mutation: You are resistant to electric shocks.
                  | (rElec) [potion of mutation]
  3286 | D:4      | Slain by a cerulean imp

Vanquished Creatures
  A scorpion (D:4)
  2 hounds (D:4)
  An orc priest (D:3)
  Natasha (twice) (D:4)
  An iguana (D:4)
  2 adders
  2 worms
  16 orcs
  2 ball pythons
  4 bats
  5 endoplasms
  15 giant cockroaches
  7 goblins
  8 hobgoblins
  3 jackals (D:1)
  7 kobolds
  2 quokkas (D:3)
  4 frilled lizards
  7 rats
  A spectral goblin (D:1)
92 creatures vanquished.

Vanquished Creatures (others)
  3 plants (D:3)
3 creatures vanquished.

Grand Total: 95 creatures vanquished

Table legend:
 A = Non-vault XP
 B = Vault XP
 C = Vault XP percentage of total XP
 D = Non-vault monster count
 E = Vault monster count
 F = Vault count percentage of total count
                 A         B        C        D         E       F
            +---------+---------+-------+---------+---------+-------
      Total |     386 |     123 |  24.2 |      65 |      27 |  29.3
            +---------+---------+-------+---------+---------+-------
        D:1 |      28 |       1 |   3.4 |      15 |       1 |   6.2
        D:2 |      32 |      43 |  57.3 |      12 |      20 |  62.5
        D:3 |      93 |       8 |   7.9 |      23 |       4 |  14.8
        D:4 |     233 |      71 |  23.4 |      15 |       2 |  11.8
            +---------+---------+-------+---------+---------+-------

Skill      XL: |  1  2  3  4  5  6 |
---------------+-------------------+-----
Long Blades    | 3 4 5 |  5.0
Dodging        | 3 4 5 |  5.0
Fighting       | |  2.0
Throwing       | |  1.7

Action                     |  1- 3 |  4- 6 || total
---------------------------+-------+-------++-------
  Melee: Long sword        |   112 |     8 ||   120
         Punch             |     1 |       ||     1
         Great sword       |       |   100 ||   100
    Use: Scroll            |     1 |     4 ||     5
         Potion            |       |     2 ||     2
   Stab: Sleeping          |     2 |     1 ||     3
 Armour: Leather armour    |    35 |    54 ||    89
  Dodge: Dodged            |   114 |   140 ||   254

Illustrated notes

Table legend:
 A = Kills in this place as a percentage of kills in the entire game.
 B = Kills by you in this place as a percentage of kills by you in the entire game.
 C = Kills by friends in this place as a percentage of kills by friends in the entire game.
 D = Other kills in this place as a percentage of other kills in the entire game.
 E = Experience gained in this place as a percentage of experience gained in the entire game.
 F = Experience gained in this place divided by the number of levels of this place that you have seen.
                   A       B       C       D       E      F
               +-------+-------+-------+-------+-------+----------------------
         Total | 100.0 | 100.0 |   N/A |   N/A | 100.0 | 127.2
       Dungeon | 100.0 | 100.0 |   N/A |   N/A | 100.0 | 127.2
               +-------+-------+-------+-------+-------+----------------------

Table legend: (Time is in decaauts)
 A = Elapsed time spent in this place.
 B = Non-inter-level travel time spent in this place.
 C = Inter-level travel time spent in this place.
 D = Time resting spent in this place.
 E = Time spent auto-exploring this place.
 F = Levels seen in this place.
 G = Mean time per level.
                   A        B        C        D        E       F      G
               +--------+--------+--------+--------+--------+-----+--------+
         Total |   3458 |   3364 |     94 |      0 |   2683 |   4 |  864.5 |
       Dungeon |   3458 |   3364 |     94 |      0 |   2683 |   4 |  864.5 |
               +--------+--------+--------+--------+--------+-----+--------+

Top non-repeatable levels by time:
     D:3: 1061 daAuts
     D:4: 930 daAuts
     D:2: 893 daAuts
     D:1: 573 daAuts
